 Dungeon Crawl Stone Soup version 0.30-a0-360-g447f08457e (webtiles) character file.

Game seed: 14225875828058733081

288 lesbiats the Ruffian (level 6, -1/61 HPs)
             Began as a Troll Fighter on Nov 14, 2022.
             Was an Initiate of Wu Jian.
             Slain by Dowan
             ... wielding a +0 dagger
              (3 damage)
             ... on level 4 of the Dungeon.
             The game lasted 00:08:20 (2429 turns).

lesbiats the Ruffian (Troll Fighter)                Turns: 2429, Time: 00:08:22

Health: -1/61      AC:  5    Str: 25    XL:     6   Next: 9%
Magic:  5/5        EV:  8    Int:  6    God:    Wu Jian [......]
Gold:   179        SH:  7    Dex:  9    Spells: 5/5 levels left

rFire   . . .      SeeInvis .      - Unarmed
rCold   . . .      Faith    .    b - +0 kite shield
rNeg    . . .      Spirit   .    a - +0 robe
rPois   +          Reflect  .    (helmet restricted)
rElec   .          Harm     .    q - +0 cloak
rCorr   .          Rampage  .    (gloves unavailable)
Will    .....                    (boots unavailable)
Stlth   +.........               (no amulet)
HPRegen 1.10/turn                h - ring of poison resistance
MPRegen 0.09/turn                (no ring)

@: lit by a corona, glowing, very slow
A: large, unfitting armour, claws 3, regeneration 1, shaggy fur 1, tough skin 1
a: Renounce Religion


You were on level 4 of the Dungeon.
You worshipped Wu Jian.
Wu Jian was noncommittal.
You visited 1 branch of the dungeon, and saw 4 of its levels.

You collected 179 gold pieces.

Inventory:

Missiles
 s - a throwing net (quivered)
Armour
 a - a +0 robe (worn)
 b - a +0 kite shield (worn)
 q - a +0 cloak (worn)
Jewellery
 h - a ring of poison resistance (left claw)
 u - a ring of fire
Scrolls
 d - 2 scrolls of butterflies
 f - 3 scrolls of vulnerability
 g - 3 scrolls of fear {unknown}
 i - a scroll of noise {unknown}
 l - 3 scrolls of identify {unknown}
 m - 2 scrolls of magic mapping {unknown}
 o - a scroll of immolation {unknown}
 p - a scroll of torment {unknown}
 t - a scroll of blinking {unknown}
Potions
 c - 3 potions of might
 j - a potion of attraction {unknown}
 k - 2 potions of degeneration {unknown}
 n - a potion of ambrosia {unknown}
 r - a potion of cancellation {unknown}


   Skills:
 + Level 3.5 Fighting
 - Level 2.4 Dodging
 + Level 3.9 Shields
 * Level 4.7 Unarmed Combat


You had 5 spell levels left.
You didn't know any spells.
Your spell library contained the following spells:

 Spells                   Type           Power      Damage    Failure   Level
 Slow                     Hex            0%         N/A       75%         1
 Confusing Touch          Hex            0%         N/A       98%         3
 Gell's Gravitas          Tloc           0%         N/A       98%         3
 Teleport Other           Tloc           0%         N/A       98%         3
 Vampiric Draining        Necr           0%         2d6       98%         3
 Dispersal                Tloc           0%         N/A       100%        6
 Chain Lightning          Conj/Air       0%         N/A       100%        9
 Fire Storm               Conj/Fire      0%         5d1       100%        9
 Shatter                  Erth           0%         3d5*      100%        9


Dungeon Overview and Level Annotations

Branches:
Dungeon (4/15)
 Temple: D:4-7

Altars:
Gozag
Makhleb
Trog
Wu Jian

Portals:
Sewer: D:4

Annotations:
D:4 Dowan, Duvessa


Innate Abilities, Weirdness & Mutations

You are too large for most types of armour.
You have claws for hands.
Your natural rate of healing is unusually fast.
You are covered in fur. (AC +1)
You have tough skin. (AC +1)


Message History

* * * LOW HITPOINT WARNING * * *
You feel better. You block the giant cockroach's attack.
Dowan gestures at you while chanting.
You are outlined in light.
You block Duvessa's attack.
You closely miss the giant cockroach. Duvessa hits you with a +0 short sword.
* * * LOW HITPOINT WARNING * * *
The giant cockroach bites you but does no damage.
Dowan hits you with a +0 dagger.
* * * LOW HITPOINT WARNING * * *
Duvessa hits you with a +0 short sword!
* * * LOW HITPOINT WARNING * * *
The giant cockroach barely misses you.
You scratch the giant cockroach but do no damage.
You block Duvessa's attack. Dowan barely misses you.
The giant cockroach bites you.
* * * LOW HITPOINT WARNING * * *
Duvessa hits you but does no damage. Dowan hits you but does no damage.
Unknown command.
You scratch the giant cockroach but do no damage.
The giant cockroach splashes around in the water.
You block Duvessa's attack. You block Dowan's attack.
Unknown command.
You feel better. Duvessa hits you with a +0 short sword.
* * * LOW HITPOINT WARNING * * *
The giant cockroach bites you but does no damage.
Duvessa splashes around in the water.
Dowan smirks and points a slender finger.
Dowan barely misses you. The giant cockroach bites you.
* * * LOW HITPOINT WARNING * * *
You scratch the giant cockroach.
The giant cockroach is almost dead.
You block Duvessa's attack. The giant cockroach closely misses you.
Dowan splashes around in the water.
You claw the giant cockroach!
You kill the giant cockroach!
The Council accepts your kill.
Duvessa splashes around in the water.
Duvessa hits you with a +0 short sword.
* * * LOW HITPOINT WARNING * * *
Dowan hits you with a +0 dagger.
You die...

#..# #####......#.#
#..####............#
#.......# ##..##.##
#.##'##.# # #..#
#.#~†~#.# #..#
##.#~~~#.## ##.##
###..#~∩~#..### #..#
##....#e†~#....## #..#
#.....#@e~#.#...###.##
...##.#####.###.....#
..# #.......# ##....#
# #.#....## ###.##
######.# ##.# #.# .#
.# .# .. ..


You could see Duvessa (fast) and Dowan.

Vanquished Creatures
  An ogre (D:3)
  Crazy Yiuf (D:2)
  Terence (D:2)
  4 gnolls (D:3)
  3 adders
  An ufetubus (D:3)
  3 worms
  2 dart slugs
  2 orcs (D:3)
  5 ball pythons
  6 bats
  8 endoplasms
  4 giant cockroaches (D:4)
  2 goblins
  5 hobgoblins
  8 kobolds
  A quokka (D:2)
  9 frilled lizards
  4 rats
70 creatures vanquished.

Notes
Turn   | Place    | Note
-------+----------+-------------------------------------------
     0 | D:1      | lesbiats the Troll Fighter began the quest for the Orb.
     0 | D:1      | Reached XP level 1. HP: 22/22 MP: 0/0
   102 | D:1      | Reached XP level 2. HP: 29/29 MP: 1/1
   657 | D:2      | Noticed Terence
   676 | D:2      | Killed Terence
   677 | D:2      | Reached skill level 3 in Unarmed Combat
   677 | D:2      | Reached XP level 3. HP: 36/36 MP: 2/2
   872 | D:2      | Reached XP level 4. HP: 31/44 MP: 3/3
  1096 | D:2      | Found a runed translucent door.
  1097 | D:2      | Noticed Crazy Yiuf
  1286 | D:2      | Killed Crazy Yiuf
  1481 | D:3      | Noticed an ogre
  1488 | D:3      | Killed an ogre
  1489 | D:3      | Reached skill level 4 in Unarmed Combat
  1489 | D:3      | Reached XP level 5. HP: 27/53 MP: 4/4
  1528 | D:3      | Found a bloodstained altar of Trog.
  1528 | D:3      | Found an ornate altar of the Wu Jian Council.
  1529 | D:3      | Found an opulent altar of Gozag.
  1542 | D:3      | Found a burning altar of Makhleb.
  2071 | D:3      | Found a faded altar of an unknown god.
  2277 | D:3      | Became a worshipper of the Wu Jian Council
  2389 | D:4      | Found a glowing drain.
  2393 | D:4      | Noticed Duvessa
  2396 | D:4      | Noticed Dowan
  2402 | D:4      | Reached XP level 6. HP: 57/61 MP: 5/5
  2425 | D:4      | HP: 3/61 [giant cockroach (2)]
  2429 | D:4      | Slain by Dowan

Illustrated notes

Levels and vault maps discovered:
D:1:      roderic_crossed_star, layout_loops_ring
D:2:      layout_rooms, patterned_corridor, uniq_terence,
          uniq_crazy_yiuf_cottage
D:3:      layout_loops_cross, nicolae_overflow_quartered_altars,
          dilly_ecumenical_altar_fadedgnrine
D:4:      layout_cave_pods, gup_sewer_entry_glass, uniq_duvessa, uniq_robin

Skill      XL: |  1  2  3  4 |
---------------+-------------+-----
Shields        | 3 |  3.9
Unarmed Combat | 3 4 |  4.7
Fighting       | 3 |  3.5
Dodging        | |  2.4

Action                   |  1- 3 |  4- 6 || total
-------------------------+-------+-------++-------
Melee: Unarmed           |    96 |   125 ||   221
Invok: Lunge             |       |     2 ||     2
  Use: Scroll            |       |     2 ||     2
       Potion            |       |     3 ||     3
 Stab: Sleeping          |       |     1 ||     1
Armor: Robe              |    17 |    52 ||    69
Dodge: Dodged            |    31 |    66 ||    97
Block: Kite shield       |    29 |    73 ||   102

Table legend: (Time is in decaauts)
 A = Elapsed time spent in this place.
 B = Non-inter-level travel time spent in this place.
 C = Inter-level travel time spent in this place.
 D = Time resting spent in this place.
 E = Time spent auto-exploring this place.
 F = Levels seen in this place.
 G = Mean time per level.
                   A        B        C        D        E       F      G
               +--------+--------+--------+--------+--------+-----+--------+
         Total |   2444 |   2173 |    271 |    123 |   1442 |   4 |  611.0 |
       Dungeon |   2444 |   2173 |    271 |    123 |   1442 |   4 |  611.0 |
               +--------+--------+--------+--------+--------+-----+--------+

Top non-repeatable levels by time:
     D:3: 986 daAuts
     D:2: 753 daAuts
     D:1: 621 daAuts
     D:4: 83 daAuts
